 Dungeon Crawl Stone Soup version 0.24-a0-475-g5b41c6f198 (webtiles) character file.

Game seed: 10743882315937099900

726 vurker the Conjurer (level 7, -2/57 HPs)
             Began as a White Draconian Fire Elementalist on July 5, 2019.
             Slain by an ogre
             ... wielding a +0 giant club
              (9 damage)
             ... on level 4 of the Dungeon.
             The game lasted 00:11:01 (5729 turns).

vurker the Conjurer (DrFE)                          Turns: 5729, Time: 00:11:02

Health: -2/57      AC:  7    Str: 10    XL:     7   Next: 44%
Magic:  1/12       EV: 12    Int: 18    God:
Gold:   103        SH:  0    Dex: 11    Spells: 6/12 levels left

rFire    . . .     SeeInvis .   g - +2 dagger (elec)
rCold    + . .     Gourm    .   (no shield)
rNeg     . . .     Faith    .   (armour unavailable)
rPois    .         Spirit   .   (helmet restricted)
rElec    .         Reflect  .   (no cloak)
rCorr    .         Harm     .   k - +0 pair of gloves
MR       .....                  (no boots)
Stlth    ++........             (no amulet)
HPRegen  0.19/turn              (no ring)
MPRegen  0.13/turn              (no ring)

@: no status effects
A: breathe frost, unfitting armour, cold resistance 1, cold-blooded, AC +6
a: Breathe Frost


You were on level 4 of the Dungeon.
You were not hungry.

You visited 1 branch of the dungeon, and saw 4 of its levels.

You collected 103 gold pieces.

Inventory:

Hand Weapons
 g - a +2 dagger of electrocution (weapon)
   (You took it off a goblin on level 2 of the Dungeon)
Armour
 k - a +0 pair of gloves (worn)
   (You found it on level 2 of the Dungeon)
Scrolls
 c - a scroll of enchant armour {unknown}
 d - 2 scrolls of teleportation {@r4}
 h - a scroll of fog
 j - a scroll of enchant weapon
Potions
 a - a potion of heal wounds {@q2}
 b - a potion of ambrosia
 f - 2 potions of flight
 m - a potion of lignification {!q}
Comestibles
 e - a ration {!d}
 i - 2 chunks of flesh


   Skills:
 + Level 3.3 Fighting
 - Level 1.7 Dodging
 - Level 1.7 Stealth
 + Level 3.4 Spellcasting
 * Level 4.9 Conjurations
 * Level 4.6 Fire Magic


You had 6 spell levels left.
You knew the following spells:

 Your Spells              Type           Power        Failure   Level  Hunger
a - Flame Tongue          Conj/Fire      ###..        2%          1    None
b - Throw Flame           Conj/Fire      ###...       3%          2    ##.....
c - Conjure Flame         Conj/Fire      ###.....     7%          3    ###....

Your spell library contained the following spells:

 Spells                   Type           Power        Failure   Level  Hunger
 Inner Flame              Hex/Fire       ##......     19%         3    ###....
 Sticky Flame             Conj/Fire      ###.....     22%         4    ####...
 Fireball                 Conj/Fire      ###.......   52%         5    ######.


Dungeon Overview and Level Annotations

Branches:
Dungeon (4/15)
 Temple: D:4-7

Altars:
Hepliaklqana
Okawaru
Ru
Xom

Shops:
D:4 [![

Annotations:
D:2 exclusion: upstairs, Sigmund


Innate Abilities, Weirdness & Mutations

You can breathe waves of freezing cold.
You can buffet flying creatures when you breathe cold.
Your icy white scales are hard. (AC +6)
You cannot fit into any form of body armour.
Your flesh is cold resistant. (rC+)
You are cold-blooded and may be slowed by cold attacks.


Message History

The goblin misses you.
You barely miss the goblin. The goblin barely misses you.
The goblin hits you with a +0 club.
You closely miss the goblin. The goblin misses you.
The goblin hits you with a +0 club.
* * * LOW HITPOINT WARNING * * *
Aim: a goblin, wielding a -2 hunting sling (unusually strong)
The flame tongue hits the goblin.
The goblin hits you but does no damage. x2
You don't have enough magic to cast that spell.
You are too injured to fight recklessly!
You are too injured to fight recklessly!
You are too injured to fight recklessly!
You are too injured to fight recklessly!
You are too injured to fight recklessly!
You are too injured to fight recklessly!
You are too injured to fight recklessly!
You are too injured to fight recklessly!
You are too injured to fight recklessly!
You are too injured to fight recklessly!
You are too injured to fight recklessly!
You are too injured to fight recklessly!
You are too injured to fight recklessly!
You are too injured to fight recklessly!
You are too injured to fight recklessly!
You are too injured to fight recklessly!
You are too injured to fight recklessly!
You are too injured to fight recklessly!
Unknown command.
You don't have enough magic to cast that spell.
You barely miss the ogre.
Your tail-slap misses the ogre.
The goblin hits you with a cursed -2 hunting sling.
* * * LOW HITPOINT WARNING * * *
The ogre misses you. The goblin hits you with a +0 club.
* * * LOW HITPOINT WARNING * * *
You aren't carrying any items that you can evoke.
You hit the ogre. The goblin barely misses you. The ogre completely misses you.
The goblin barely misses you.
You hit the ogre. You tail-slap the ogre. The goblin closely misses you.
You hit the ogre but do no damage.
The goblin no longer looks unusually strong.
The goblin hits you but does no damage. The ogre hits you with a +0 giant club!
* * * LOW HITPOINT WARNING * * *
The goblin hits you with a cursed -2 hunting sling.
* * * LOW HITPOINT WARNING * * *
You barely miss the ogre. You tail-slap the ogre.
The goblin hits you but does no damage. The ogre barely misses you.
The goblin hits you but does no damage.
You closely miss the ogre. The goblin barely misses you.
The ogre hits you with a +0 giant club!
You die...

#####
#.....#...####..
#
#####.........##
# ##.........##
# ##.........# #
##..........# #
#.......(...#
#...#.(.......#
#..###.).......#
..>. #∩†@g.....#
... #.)Og.....#
.. #..........
#..........
#..........
##....<....
##...)....
##.......


You could see an ogre and 2 goblins.

Vanquished Creatures
  Menkaure (D:4)
  An ogre (D:3)
  A centaur (D:3)
  A bullfrog skeleton (D:4)
  An orc wizard (D:4)
  An orc priest (D:3)
  A hound (D:4)
  Jessica (D:3)
  Terence (D:3)
  2 worker ants
  Robin (D:4)
  4 gnolls
  A howler monkey skeleton (D:4)
  5 adders
  3 worms
  3 dart slugs
  2 leopard geckos
  8 orcs
  7 bats
  8 giant cockroaches
  17 goblins
  11 hobgoblins
  5 jackals
  A ball python (D:1)
  3 frilled lizards
  8 kobolds
  11 rats
109 creatures vanquished.

Notes
Turn   | Place    | Note
-------+----------+-------------------------------------------
     0 | D:1      | vurker the Draconian Fire Elementalist began the quest for
                  | the Orb.
     0 | D:1      | Reached XP level 1. HP: 14/14 MP: 3/3
   455 | D:1      | Reached XP level 2. HP: 16/22 MP: 1/5
   459 | D:1      | Learned a level 2 spell: Throw Flame
   885 | D:1      | Found a shimmering altar of Xom.
  1082 | D:1      | Reached skill level 1 in Fighting
  1149 | D:1      | Reached XP level 3. HP: 28/28 MP: 3/6
  1328 | D:2      | Found an iron altar of Okawaru.
  1419 | D:2      | Learned a level 3 spell: Conjure Flame
  1643 | D:2      | Found a sacrificial altar of Ru.
  1643 | D:2      | Noticed Sigmund
  1911 | D:2      | Reached XP level 4. HP: 35/35 MP: 7/7
  2902 | D:2      | Reached XP level 5. HP: 41/41 MP: 5/8
  3947 | D:3      | Noticed Jessica
  3947 | D:3      | Noticed Terence
  3954 | D:3      | Noticed a centaur
  4530 | D:3      | Killed a centaur
  4530 | D:3      | Reached XP level 6. HP: 31/50 MP: 5/10
  4592 | D:3      | Killed Jessica
  4668 | D:3      | Killed Terence
  4777 | D:3      | Reached skill level 5 in Fire Magic
  4861 | D:3      | Found a hazy altar of Hepliaklqana.
  5242 | D:4      | Found Fod Gobem's Antique Armour Boutique.
  5288 | D:4      | Noticed Menkaure
  5358 | D:4      | Killed Menkaure
  5358 | D:4      | Your scales start taking on an icy white colour.
  5358 | D:4      | Reached XP level 7. HP: 17/57 MP: 1/12
  5358 | D:4      | Gained mutation: Your flesh is cold resistant. (rC+) [White
                  | Draconian growth]
  5592 | D:4      | Found Tiuwn's Distillery.
  5698 | D:4      | Found Ubiumysmiom's Antique Armour Boutique.
  5707 | D:4      | Noticed Robin
  5719 | D:4      | Killed Robin
  5729 | D:4      | Slain by an ogre

Levels and vault maps discovered:
D:1:      sevenhm_arrival_forest_fort_small_6, layout_basic, minmay_liquid_box
D:2:      layout_loops_ring, nicolae_ru_the_path_less_chosen,
          okawaru_metal_pillars_3, uniq_sigmund
D:3:      layout_rooms, lemuel_doored_altar, kennysheep_generic_room_9,
          uniq_jessica, uniq_terence
D:4:      layout_rooms, doesnt_xom_only_xom, serial_shops, nicolae_shop_trees,
          shop, nicolae_shop_statue_plus, shop, kennysheep_mini, uniq_edmund,
          uniq_robin, uniq_menkaure

Skill      XL: |  1  2  3  4  5  6 |
---------------+-------------------+-----
Fighting       | 1 2 3 |  3.3
Conjurations   | 2 3 4 |  4.9
Fire Magic     | 4 4 |  4.6
Spellcasting   | 3 |  3.4
Dodging        | |  1.7
Stealth        | |  1.7

Action                   |  1- 3 |  4- 6 |  7- 9 || total
-------------------------+-------+-------+-------++-------
Melee: Unarmed           |    13 |       |       ||    13
       Whip              |    10 |       |       ||    10
       Tailslap          |     9 |     2 |     5 ||    16
       Dagger            |     6 |    26 |    29 ||    61
       Hand axe          |    44 |     3 |       ||    47
 Cast: Flame Tongue      |    59 |    79 |    14 ||   152
       Throw Flame       |     2 |    47 |    10 ||    59
  Use: Scroll            |       |     8 |       ||     8
  Eat: Chunk             |     4 |     6 |       ||    10
       Ration            |       |     3 |       ||     3
Armor: Skin              |    40 |    16 |    14 ||    70
Dodge: Dodged            |   103 |    66 |    33 ||   202

Table legend:
 A = Non-vault XP
 B = Vault XP
 C = Vault XP percentage of total XP
 D = Non-vault monster count
 E = Vault monster count
 F = Vault count percentage of total count
                 A         B        C        D         E       F
            +---------+---------+-------+---------+---------+-------
      Total |     759 |     279 |  26.9 |      96 |      13 |  11.9
            +---------+---------+-------+---------+---------+-------
        D:1 |      42 |       0 |   0.0 |      25 |       0 |   0.0
        D:2 |     190 |       0 |   0.0 |      36 |       0 |   0.0
        D:3 |     337 |      73 |  17.8 |      24 |       2 |   7.7
        D:4 |     190 |     206 |  52.0 |      11 |      11 |  50.0
            +---------+---------+-------+---------+---------+-------
